 Dungeon Sprint DCSS version 0.16-a0-1205-g505bced (webtiles) character file.

8 Gustav the Jinx (level 2, -6/12 HPs)
             Began as a Felid Wanderer on Oct 11, 2014.
             Was a Plaything of Xom.
             Mangled by a deep elf knight
             ... wielding a +0 long sword
              (11 damage)
             ... in the Dungeon (Sprint V: "Ziggurat Sprint").
             The game lasted 00:02:24 (73 turns).

Gustav the Jinx (Felid Wanderer)                      Turns: 73, Time: 00:02:24

Health: -6/12      AC:  1    Str:  7    XL:     2   Next: 0%
Magic:  7/7        EV: 15    Int: 23    God:    Xom
Gold:   0          SH:  0    Dex: 18    Spells: 1 memorised, 6 levels left
                                        Lives:  0   Deaths: 0

rFire  . . .     SeeInvis +       - Unarmed
rCold  . . .     Clarity  .     (armour unavailable)
rNeg   . . .     SustAb   .     (shield unavailable)
rPois  .         Gourm    .     (helmet unavailable)
rElec  .         Spirit   .     (cloak unavailable)
rCorr  .         Warding  .     (gloves unavailable)
rMut   .         NoTele   +     (boots unavailable)
MR     .....                    (no amulet)
Stlth  +++.......               D - +6 ring of intelligence
                                C - +6 ring of intelligence

@: quick, not resistant to hostile enchantments, fairly stealthy
A: paw claws, no armour, no weapons or thrown items, fangs 3, see invisible,
carnivore 3, speed 1, shaggy fur 1, slow metabolism 1
a: Renounce Religion


You were in the Dungeon.
You worshipped Xom.
You were a toy of Xom.
You were not hungry.

You visited 1 branch

Inventory:

Magical devices
 w - a wand of disintegration (3)
 x - a wand of fire (5)
 y - a wand of cold (5)
 z - a wand of draining (5)
Comestibles
 f - 5 meat rations
Scrolls
 j - 4 scrolls of blinking
 p - 4 scrolls of amnesia
 q - 3 scrolls of recharging
 r - 7 scrolls of fog
 s - a scroll of holy word
 t - 5 scrolls of identify
 u - 5 scrolls of remove curse
 v - 2 scrolls of fear
Jewellery
 A - a +6 ring of dexterity
 B - a +6 ring of dexterity
 C - a +6 ring of intelligence (left paw)
 D - a +6 ring of intelligence (right paw)
 E - a +6 ring of strength
 F - a +6 ring of strength
 J - an uncursed ring of flight
Potions
 b - 11 potions of curing
 c - 2 potions of brilliance
 d - 2 potions of invisibility
 e - 10 potions of heal wounds
 g - 6 potions of haste
 h - 7 potions of magic
 i - 3 potions of berserk rage
 k - 2 potions of restore abilities
 l - 4 potions of resistance
 n - 5 potions of agility
 o - 5 potions of might
Books
 a - a book of Maledictions

   Spells                             Type                      Level
   *Corona                            Hexes                        1
   Sure Blade                         Hexes/Charms                 2
   Ensorcelled Hibernation            Hexes/Ice                    2
   Confuse                            Hexes                        3
   Dazzling Spray                     Conjuration/Hexes            3
   Enslavement                        Hexes                        4
 G - a tome of Destruction
 H - a tome of Destruction
Miscellaneous
 I - a disc of storms


   Skills:
 - Level 1.0 Fighting
 - Level 4.0 Stealth
 - Level 1.0 Unarmed Combat
 + Level 3.0 Spellcasting
 - Level 10.5 Hexes
   Level 1.0 Ice Magic


You had 6 spell levels left.
You knew the following spells:

 Your Spells              Type           Power        Failure   Level  Hunger
a - Corona                Hex            ######.      1%          1    None


Dungeon Overview and Level Annotations

Branches:
Dungeon (1/1)

Altars:
Ashenzari
Cheibriados
Dithmenos
Elyvilon
Fedhas
Gozag
Kikubaaqudgha
Makhleb
Nemelex Xobeh
Okawaru
Qazlal
Sif Muna
Trog
Vehumet
Xom
Yredelemnul
Zin
The Shining One
Beogh
Jiyva
Lugonu


Innate Abilities, Weirdness & Mutations

You cannot wear armour.
You are incapable of wielding weapons or throwing items.
Your paws have sharp claws.
You have razor-sharp teeth.
You have supernaturally acute eyesight.
You are carnivorous and can eat meat at any time.
You cover ground quickly.
You are covered in fur (AC +1).
You have a slow metabolism.


Message History

Press: ? - help, Shift-Dir - straight line, f/p - deep elf fighter
Aim: a deep elf fighter, wielding a scimitar and wearing a buckler (moderately wounded)
The deep elf fighter resists with some effort.
This wand has 4 charges left.
Evoke which item? (* to show all) (? for menu, Esc to quit)
Zapping:
w - a wand of disintegration (4)
Press: ? - help, Shift-Dir - straight line, f/p - deep elf fighter
Aim: a deep elf fighter, wielding a scimitar and wearing a buckler (moderately wounded)
The deep elf fighter resists with some effort.
This wand has 3 charges left.
The deep elf fighter gestures wildly while chanting.
You feel troubled.
The deep elf knight casts a spell.
The deep elf knight seems to speed up.
Evoke which item? (* to show all) (? for menu, Esc to quit)
Little bolts of electricity crackle over the disc.
The deep elf knight hits you with a long sword!
Ouch! That really hurt!
You die...
Xom cackles wildly!

▓▓▓▓▓▓▓
▓.8©8.▓
▓.....▓
▓.}.=.▓
▓.....▓
▓..ee.▓
▓..@..▓
▓▓▓▓▓▓▓


You could see a deep elf knight and a deep elf fighter.

Vanquished Creatures (others)
  A spatial maelstrom (D)
1 creature vanquished.

Notes
Turn   | Place    | Note
--------------------------------------------------------------
     0 | D        | Gustav, the Felid Wanderer, began the quest for the Orb.
     0 | D        | Reached XP level 1. HP: 9/9 MP: 5/5
     0 | D        | Found a roughly hewn altar of Beogh.
     0 | D        | Found an ancient bone altar of Kikubaaqudgha.
     2 | D        | Banished a spatial maelstrom
     4 | D        | Learned a level 1 spell: Corona
     4 | D        | Found a corrupted altar of Lugonu.
     4 | D        | Found a white marble altar of Elyvilon.
     4 | D        | Found a burning altar of Makhleb.
     4 | D        | Found an iron altar of Okawaru.
     6 | D        | Found a sparkling altar of Nemelex Xobeh.
     6 | D        | Found a basalt altar of Yredelemnul.
     6 | D        | Found a deep blue altar of Sif Muna.
     6 | D        | Found a radiant altar of Vehumet.
     9 | D        | Found a bloodstained altar of Trog.
    25 | D        | Found a shimmering altar of Xom.
    45 | D        | Became a worshipper of Xom of Chaos
    56 | D        | XOM: divination: magic mapping
    57 | D        | Reached skill level 10 in Hexes
    57 | D        | Reached XP level 2. HP: 12/12 MP: 7/7
    68 | D        | Entered arena 1.
    68 | D        | Noticed a deep elf fighter
    68 | D        | Noticed a deep elf knight
    73 | D        | Mangled by a deep elf knight

Action                   || total
-------------------------++-------
Evoke: Wand              ||     4
       Disc of storms    ||     1
  Use: Potion            ||     1
